 Dungeon Crawl Stone Soup version bcrawl-1.20.1-3-gdcb1fc31ed (webtiles) character file.

Game seed: 333785726367815500

1881 Freyura the Cudgeler (level 8, -3/61 HPs)
             Began as a Demonspawn Gladiator on Feb 4, 2020.
             Slain by an orc warrior
             ... wielding a +0 halberd
              (9 damage)
             ... on level 5 of the Dungeon.
             The game lasted 00:11:08 (5616 turns).

Freyura the Cudgeler (Demonspawn Gladiator)         Turns: 5616, Time: 00:11:09

Health: -3/61      AC:  7    Str: 15    XL:     8   Next: 91%
Magic:  8/8        EV: 13    Int:  9    God:
Gold:   386        SH: 11    Dex: 21    Spells: 7/7 levels left

rFire    . . .     SeeInvis .   r - +2 whip (flame)
rCold    . . .     Gourm    .   i - +1 shield (curse)
rNeg     . . .     Faith    .   p - +1 leather armour {rPois}
rPois    +         Spirit   .   (helmet restricted)
rElec    .         Reflect  .   u - +2 cloak
rCorr    .         Harm     .   (no gloves)
MR       .....     Rnd*Tele +   (no boots)
Stlth    ++........             (no amulet)
HPRegen  0.20/turn              k - ring of teleportation (curse)
MPRegen  0.11/turn              v - ring of attention (curse)

@: no status effects
A: horns 2, thin skeletal structure 2, powered by death 1
a: no special abilities


You were on level 5 of the Dungeon.
You were very hungry.

You visited 2 branches of the dungeon, and saw 6 of its levels.

You collected 386 gold pieces.

Inventory:

Hand Weapons
 a - a +1 flail
 r - a +2 whip of flaming (weapon)
Missiles
 d - 3 throwing nets (quivered) {!f}
Armour
 b - a +0 leather armour
 i - a cursed +1 shield (worn)
 p - a +1 leather armour of poison resistance (worn)
 u - a +2 cloak (worn)
 A - a +0 chain mail
Jewellery
 g - an uncursed ring of ice {unknown}
 k - a cursed ring of teleportation (left hand)
 v - a cursed ring of attention (right hand)
 x - a +2 ring of strength {unknown}
 B - an uncursed amulet of rage {unknown}
Wands
 y - a wand of random effects (7)
 z - a wand of clouds (5)
Scrolls
 h - 5 scrolls of amnesia
 j - a scroll of fog
 o - 2 scrolls of identify
Potions
 c - 3 potions of curing
 f - a potion of might {unknown}
 l - 4 potions of flight {unknown}
 m - a potion of invisibility {unknown}
 n - 3 potions of heal wounds
 q - a potion of resistance {unknown}
 s - 2 potions of lignification {unknown}
 t - a potion of ambrosia {unknown}
 w - a potion of berserk rage {unknown}
Comestibles
 e - 6 rations {!d}


   Skills:
 + Level 4.9 Fighting
 * Level 6.7 Maces & Flails
 - Level 1.7 Throwing
 + Level 4.1 Armour
 + Level 5.0 Dodging
 + Level 4.1 Shields


You had 7 spell levels left.
You didn't know any spells.
Your spell library was empty.

Dungeon Overview and Level Annotations

Branches:
Dungeon (5/12)             Temple (1/1) D:5

Altars:
Cheibriados
Fedhas
Hepliaklqana
Kikubaaqudgha
Makhleb
Nemelex Xobeh
Okawaru
Qazlal
Ru
Sif Muna
Trog
Uskayaw
Xom
Yredelemnul
Zin
The Shining One


Innate Abilities, Weirdness & Mutations

You have a pair of horns on your head.
You have a moderately thin skeletal structure. (Dex +4, Stealth+)
You regenerate a little health from kills.


Message History

You are too injured to fight recklessly!
You are too injured to fight recklessly!
You are too injured to fight recklessly!
You are too injured to fight recklessly!
You are too injured to fight recklessly!
You barely miss the orc warrior. Your headbutt misses the orc warrior.
You block the orc warrior's attack.
You hit the orc warrior but do no damage.
You headbutt the orc warrior!
The orc warrior is moderately wounded.
The orc warrior hits you with a +0 halberd!
* * * LOW HITPOINT WARNING * * *
You hit the orc warrior. You burn the orc warrior.
You headbutt the orc warrior!
The orc warrior is severely wounded.
You hit the orc warrior but do no damage.
Your headbutt misses the orc warrior.
The orc warrior is severely wounded.
The orc warrior hits you with a +0 halberd!
You die...

#.# #. ##.##
####.####...# # ..
......#.#.## ##.#
#.##...#..## ...#
#..#..###..#####
#########...##.##.....#
#..........##...†#..#.#
..##.###..##...o@##....
####.#...##.......##...#
# #...###...._....###...
# #.....##.......## ...
# #.###..##.....## .# #
#.. ...##...## . ...
...##.##. ##.# ##..## .
#.# (.


You could see an orc warrior.

Vanquished Creatures
  Pikel (D:4)
  Grinder (D:4)
  Eustachio (D:4)
  Duvessa (D:4)
  3 ogres
  2 bullfrogs
  Dowan (D:4)
  A howler monkey (D:5)
  A crimson imp (D:5)
  Crazy Yiuf (D:2)
  A gnoll shaman (D:4)
  2 orc priests (D:4)
  4 orc wizards
  Jessica (D:2)
  An iguana (D:5)
  A worker ant (D:4)
  A worker ant zombie (D:5)
  5 gnolls (D:4)
  An adder (D:3)
  A shadow imp (D:5)
  An ooze (D:1)
  An adder skeleton (D:5)
  5 worms
  3 dart slugs
  3 leopard geckos
  13 orcs
  A giant cockroach (D:1)
  8 goblins
  5 hobgoblins
  6 jackals
  2 ball pythons
  3 bats
  5 frilled lizards
  12 kobolds
  2 rats (D:1)
101 creatures vanquished.

Notes
Turn   | Place    | Note
-------+----------+-------------------------------------------
     0 | D:1      | Freyura the Demonspawn Gladiator began the quest for the
                  | Orb.
     0 | D:1      | Reached XP level 1. HP: 16/16 MP: 1/1
   428 | D:1      | Gained mutation: You have a pair of small horns on your
                  | head. [demonic ancestry]
   428 | D:1      | Reached XP level 2. HP: 22/22 MP: 2/2
   546 | D:1      | Reached skill level 3 in Maces & Flails
  1062 | D:1      | Gained mutation: You regenerate a little health from kills.
                  | [demonic ancestry]
  1062 | D:1      | Reached XP level 3. HP: 26/28 MP: 3/3
  1309 | D:2      | Found a runed door.
  1472 | D:2      | Reached skill level 1 in Armour
  1633 | D:2      | Found a bloodstained altar of Trog.
  1633 | D:2      | Found a hide-covered altar of Uskayaw.
  1671 | D:2      | Noticed Jessica
  1674 | D:2      | Killed Jessica
  1674 | D:2      | Reached skill level 1 in Shields
  1674 | D:2      | Reached XP level 4. HP: 31/34 MP: 4/4
  2083 | D:2      | Noticed Crazy Yiuf
  2088 | D:2      | Killed Crazy Yiuf
  2427 | D:3      | Gained mutation: You have a somewhat thin skeletal
                  | structure. (Dex +2, Stealth) [demonic ancestry]
  2427 | D:3      | Reached XP level 5. HP: 10/40 MP: 5/5
  3347 | D:4      | Noticed Pikel
  3360 | D:4      | Killed Pikel
  3360 | D:4      | Reached skill level 5 in Maces & Flails
  3360 | D:4      | Gained mutation: You have a pair of horns on your head.
                  | [demonic ancestry]
  3360 | D:4      | Reached XP level 6. HP: 15/47 MP: 6/6
  3360 | D:4      | Gained mutation: You have a moderately thin skeletal
                  | structure. (Dex +4, Stealth+) [demonic ancestry]
  3360 | D:4      | Reached XP level 7. HP: 17/52 MP: 7/7
  3744 | D:4      | Noticed Duvessa
  3745 | D:4      | Noticed Dowan
  3760 | D:4      | Killed Duvessa
  3767 | D:4      | Killed Dowan
  3927 | D:4      | Noticed Eustachio
  4011 | D:4      | Noticed Grinder
  4023 | D:4      | HP: 2/54 [Grinder/nerve-wracking pain (14)]
  4024 | D:4      | Killed Grinder
  4024 | D:4      | Reached XP level 8. HP: 3/60 MP: 8/8
  4352 | D:4      | Reached skill level 6 in Maces & Flails
  4404 | D:4      | Killed Eustachio
  5152 | D:5      | Entered Level 5 of the Dungeon
  5305 | D:5      | Found a staircase to the Ecumenical Temple.
  5320 | Temple   | Entered the Ecumenical Temple
  5596 | D:5      | Found a glowing golden altar of the Shining One.
  5610 | D:5      | Reached skill level 5 in Dodging
  5616 | D:5      | Slain by an orc warrior

Skill      XL: |  1  2  3  4  5  6  7  8 |
---------------+-------------------------+-----
Maces & Flails | 3 5 6 |  6.7
Armour         | 1 2 3 4 |  4.1
Dodging        | 3 4 5 |  5.0
Shields        | 1 2 3 4 |  4.1
Fighting       | 3 4 |  4.9
Throwing       | |  1.7

Action                   |  1- 3 |  4- 6 |  7- 9 || total
-------------------------+-------+-------+-------++-------
Melee: Flail             |    93 |   101 |       ||   194
       Headbutt          |     9 |    15 |    53 ||    77
       Whip              |       |       |   220 ||   220
  Use: Scroll            |     3 |     5 |     2 ||    10
 Stab: Sleeping          |     1 |       |     1 ||     2
  Eat: Chunk             |     2 |     6 |     6 ||    14
Armor: Leather armour    |    11 |    26 |    41 ||    78
Dodge: Dodged            |    39 |    35 |    64 ||   138
Block: Shield            |    30 |    45 |    79 ||   154
